 Dungeon Crawl Stone Soup version 0.30-a0-924-g0ad0bf95bc (webtiles) character file.

Game seed: 9103736267800600057

15791 jlumianski the Cleaver (level 12, -11/94 HPs)
             Began as a Demonspawn Fighter on Mar 22, 2023.
             Was a Priest of Qazlal.
             Killed from afar by a storm dragon (23 damage)
             ... with a bolt of lightning
             ... on level 12 of the Dungeon.
             The game lasted 00:50:33 (10691 turns).

jlumianski the Cleaver (Demonspawn Fighter)        Turns: 10691, Time: 00:50:34

Health: -11/94     AC: 25    Str: 22    XL:     12   Next: 4%
Magic:  0/17       EV:  6    Int:  9    God:    Qazlal [***...]
Gold:   674        SH: 18    Dex: 15    Spells: 11/11 levels left

rFire   . . .      SeeInvis +    b - +2 war axe (spect)
rCold   . . .      Faith    .    d - +0 kite shield
rNeg    . . .      Spirit   +    j - +1 plate armour {Will+}
rPois   .          Reflect  +    (helmet unavailable)
rElec   .          Rampage  .    (no cloak)
rCorr   .                        (no gloves)
Will    ++...                    e - +2 pair of boots of Daisies {Will+ Regen+ Dex+2} Stlth
                                 E - amulet of reflection
HPRegen 1.15/turn                p - +4 ring of protection
MPRegen 0.30/turn                P - +4 ring of protection

@: no status effects
A: antennae 3, claws 1, spiny 1, magic shield, magic regeneration
a: Renounce Religion, Upheaval, Elemental Force


You were on level 12 of the Dungeon.
You worshipped Qazlal.
Qazlal was most pleased with you.
You visited 3 branches of the dungeon, and saw 15 of its levels.

You collected 826 gold pieces.
You spent 152 gold pieces at shops.

Inventory:

Hand Weapons
 a - a +1 war axe of protection
 b - a +2 spectral war axe (weapon)
 x - a +2 spear of venom
 z - the +4 sling "Suru" {drain, rN+}
   (You found it on level 5 of the Dungeon)

   rN:        It protects you from negative energy.
Missiles
 f - 4 curare-tipped darts
 t - 9 boomerangs (quivered)
 A - 3 throwing nets
 D - 21 poisoned darts
 N - 3 javelins
Armour
 c - a +1 buckler
 d - a +0 kite shield (worn)
 e - the +2 pair of boots of Daisies (worn) {Will+ Regen+ Dex+2}
   (You found it on level 10 of the Dungeon)

   Dex:       It affects your dexterity (+2).
   Regen:     It increases your rate of health regeneration.
   Will:      It increases your willpower.
 h - a +2 pair of boots
 j - a +1 plate armour of willpower (worn)
 K - a +1 hat
 Q - a +0 plate armour
Jewellery
 l - a ring of flight
 p - a +4 ring of protection (left claw)
 y - a +6 ring of dexterity
 E - an amulet of reflection (around neck)
 I - a ring of positive energy
 L - an amulet of regeneration
 P - a +4 ring of protection (right claw)
Wands
 s - a wand of roots (5)
 M - a wand of charming (10)
Scrolls
 g - a scroll of amnesia
 i - 5 scrolls of magic mapping
 k - a scroll of silence
 v - 2 scrolls of teleportation
 B - a scroll of fog
 C - a scroll of fear
Potions
 m - 5 potions of curing
 n - a potion of lignification
 o - 2 potions of heal wounds
 r - a potion of cancellation
 u - 2 potions of resistance
 w - 4 potions of haste
 H - a potion of ambrosia
 J - 2 potions of mutation
 R - a potion of attraction {unknown}
 S - a potion of brilliance
Miscellaneous
 q - a phantom mirror


   Skills:
 * Level 8.9 Fighting
 + Level 10.0 Axes
 + Level 3.2 Throwing
 + Level 7.2 Armour
 + Level 3.5 Dodging
 + Level 6.1 Shields
 * Level 7.6 Invocations
 * Level 7.5 Evocations


You had 11 spell levels left.
You didn't know any spells.
Your spell library contained the following spells:

 Spells                   Type           Power      Damage    Failure   Level
 Magic Dart               Conj           0%         1d3       100%        1
 Slow                     Hex            0%         N/A       100%        1
 Call Imp                 Summ           0%         N/A       100%        2
 Confusing Touch          Hex            0%         N/A       100%        3
 Mephitic Cloud           Conj/Pois/Air  0%         N/A       100%        3
 Vampiric Draining        Necr           0%         2d6       100%        3


Dungeon Overview and Level Annotations

Branches:
Dungeon (13/15)            Temple (1/1) D:6            Lair (1/5) D:10
    Orc (0/2) D:11
 Vaults: D:13-14

Altars:
Ashenzari
Cheibriados
Fedhas
Gozag
Hepliaklqana
Kikubaaqudgha
Makhleb
Okawaru
Qazlal
Ru
Sif Muna
Trog
Uskayaw
Vehumet
Wu Jian
Xom

Shops:
D:5 *=*=

Annotations:
D:10 2 transporters, eruonna's ghost, journeyman NaIE
D:13 Josephine


Innate Abilities, Weirdness & Mutations

You have a pair of large antennae on your head. (SInv)
You have sharp fingernails.
You are partially covered in sharp spines.
When hurt, damage is shared between your health and your magic reserves.
You regenerate magic rapidly.


Message History

Qazlal accepts your kill.
You hear a shout!
Your Axes skill increases to level 10!
You have reached level 12!
You feel stronger.
Your demonic ancestry asserts itself...
The antennae on your head grow some more.
Your +1 hat falls away!
The centaur warrior shoots an arrow.
The arrow hits you!
The centaur warrior shoots an arrow.
You reflect the arrow off an invisible shield around you!
The arrow hits the centaur warrior!!
You hear a bellow!
The centaur warrior shoots an arrow.
The arrow hits you.
The boulder beetle leaps!
The centaur warrior shoots an arrow.
The arrow hits you.
The boulder beetle curls into a ball and begins rolling!
You hear a bellow!
The centaur warrior shoots an arrow.
The arrow hits you!
The storm dragon breathes lightning at you.
The bolt of lightning hits you!!!
The boulder beetle is struck by your spines.
The boulder beetle hits you!
The boulder beetle stops rolling and uncurls.
The boulder beetle attacks as you move away!
The boulder beetle bites you!
* * * LOW HITPOINT WARNING * * *
The boulder beetle attacks as you move away!
You block the boulder beetle's attack.
As you read the scroll of fear, it crumbles to dust.
You assume a fearsome visage.
The storm dragon easily resists.
The boulder beetle looks frightened!
The tengu warrior looks frightened!
The centaur warrior looks frightened!
The boulder beetle leaps!
The boulder beetle leaps!
The tengu warrior gibbers meaninglessly.
The storm dragon breathes lightning at you.
The bolt of lightning hits you!!
* * * LOW HITPOINT WARNING * * *
The storm dragon breathes lightning at you.
The bolt of lightning hits you!!
You die...

{ {#...#.......#.......#
#...#.......#.......#
######...#.......#.......#
.........#.......#.......#
.........+.......#.......#
.........#.......#<......#
.........#.......#...[...#
.........#+#+#####...>...#
................@........#
.......>..D..§..☼☼.......#
.........................#
#######....#####.........#
# #....# #.........# #
#c...# #.........# #
#....# #.........#
#######....# #.........#
............. ..........#


You could see a storm dragon (catching breath).

Vanquished Creatures
  A centaur warrior (D:12)
  A boulder beetle (D:11)
  4 two-headed ogres
  Lodul (D:11)
  Pikel (D:6)
  An ugly thing (D:10)
  A cyclops (D:10)
  Maurice (D:7)
  2 gargoyles
  A kobold demonologist (D:12)
  A komodo dragon (D:10)
  A troll (D:11)
  A hornet (D:10)
  Grinder (D:3)
  A vampire (D:12)
  3 wyverns
  3 wraiths
  10 yaks
  2 basilisks (D:9)
  6 water moccasins
  An acid dragon (D:12)
  Duvessa (D:4)
  5 orc warriors
  An ice beast (D:7)
  2 black bears
  3 centaurs
  8 ogres
  A lemure (D:7)
  2 phantoms (D:5)
  9 kobold brigands
  Blork the orc (D:4)
  6 gnoll sergeants
  2 scorpions (D:6)
  Dowan (D:4)
  3 killer bees (D:6)
  2 howler monkeys (D:10)
  3 hounds (D:6)
  A gnoll bouda (D:6)
  7 orc priests
  3 jellies
  2 sleepcaps
  Jessica (D:3)
  3 iguanas
  Ijyb (D:3)
  5 orc wizards
  10 gnolls
  11 adders
  A shadow imp (D:6)
  A white imp (D:7)
  An ufetubus (D:5)
  4 dart slugs
  24 orcs
  6 ball pythons
  4 endoplasms
  4 giant cockroaches
  7 goblins
  10 hobgoblins
  5 jackals
  16 kobolds
  4 quokkas
  8 bats
  7 frilled lizards
  4 rats (D:1)
244 creatures vanquished.

Vanquished Creatures (collateral kills)
  Snorg (D:11)
  2 howler monkeys (D:11)
  3 kobolds (D:10)
6 creatures vanquished.

Vanquished Creatures (others)
  An orc wizard (D:8)
  A fungus (D:10)
  4 plants (D:10)
6 creatures vanquished.

Grand Total: 256 creatures vanquished

Notes
Turn   | Place    | Note
-------+----------+-------------------------------------------
     0 | D:1      | jlumianski the Demonspawn Fighter began the quest for the
                  | Orb.
     0 | D:1      | Reached XP level 1. HP: 18/18 MP: 1/1
    42 | D:1      | Discovered your monstrous ancestry.
    42 | D:1      | Gained mutation: You have a pair of small antennae on your
                  | head. [demonic ancestry]
    42 | D:1      | Reached XP level 2. HP: 9/24 MP: 2/2
   189 | D:1      | Reached skill level 2 in Axes
   324 | D:1      | Gained mutation: You have a pair of antennae on your head.
                  | [demonic ancestry]
   324 | D:1      | Reached XP level 3. HP: 14/29 MP: 3/3
   882 | D:2      | Reached XP level 4. HP: 23/35 MP: 4/4
  1630 | D:3      | Reached skill level 3 in Axes
  1644 | D:3      | Noticed Jessica
  1650 | D:3      | Killed Jessica
  1657 | D:3      | Reached XP level 5. HP: 38/42 MP: 5/5
  1753 | D:3      | Noticed Ijyb
  1762 | D:3      | Killed Ijyb
  1772 | D:4      | Noticed Blork the orc
  2216 | D:3      | Noticed Grinder
  2219 | D:3      | Paralysed by Grinder for 3 turns
  2223 | D:3      | Paralysed by Grinder for 3 turns
  2235 | D:3      | Killed Grinder
  2236 | D:3      | Reached skill level 4 in Axes
  2236 | D:3      | Reached skill level 1 in Evocations
  2236 | D:3      | Gained mutation: You are partially covered in sharp spines.
                  | [demonic ancestry]
  2236 | D:3      | Reached XP level 6. HP: 30/48 MP: 6/6
  2391 | D:3      | Found a hazy altar of Hepliaklqana.
  3064 | D:5      | Entered Level 5 of the Dungeon
  3164 | D:4      | Reached skill level 1 in Dodging
  3164 | D:4      | Reached XP level 7. HP: 29/54 MP: 7/7
  3208 | D:4      | Killed Blork the orc
  3554 | D:4      | Noticed Dowan
  3555 | D:4      | Noticed Duvessa
  3585 | D:4      | Killed Dowan
  3706 | D:4      | Killed Duvessa
  3707 | D:4      | Reached skill level 5 in Axes
  3926 | D:5      | Found Xeer's Assorted Antiques.
  3935 | D:5      | Bought a scroll of identify for 54 gold pieces
  3969 | D:5      | Identified the +4 sling "Suru" {drain, rN+}
  3980 | D:6      | Reached skill level 1 in Throwing
  4000 | D:6      | Gained mutation: You have sharp fingernails. [demonic
                  | ancestry]
  4000 | D:6      | Reached XP level 8. HP: 28/61 MP: 8/8
  4317 | D:5      | Found a hide-covered altar of Uskayaw.
  4383 | D:5      | Reached skill level 5 in Fighting
  4432 | D:5      | Found Pedex's General Store.
  4446 | D:5      | Bought a scroll of identify for 28 gold pieces
  4446 | D:5      | Bought a potion of heal wounds for 70 gold pieces
  4672 | D:5      | Found Pooph's Jewellery Boutique.
  5035 | D:5      | Found Xeis's Jewellery Emporium.
  5300 | D:6      | Reached skill level 5 in Armour
  5418 | D:6      | Reached skill level 6 in Axes
  5650 | D:7      | Noticed Pikel
  5683 | D:6      | Killed Pikel
  5684 | D:6      | Gained mutation: You regenerate magic rapidly. [demonic
                  | ancestry]
  5684 | D:6      | Reached XP level 9. HP: 27/69 MP: 9/9
  5892 | D:6      | Found a staircase to the Ecumenical Temple.
  5901 | Temple   | Entered the Ecumenical Temple
  5908 | Temple   | Became a worshipper of Qazlal Stormbringer
  5982 | D:6      | Reached skill level 1 in Invocations
  6015 | D:7      | Found a shimmering altar of Xom.
  6171 | D:7      | Found an ornate altar of the Wu Jian Council.
  6392 | D:7      | Found an ancient bone altar of Kikubaaqudgha.
  6396 | D:7      | Found a shimmering blue altar of Sif Muna.
  6399 | D:7      | Found a radiant altar of Vehumet.
  6404 | D:7      | Got Vehumet's Tome of Combat Magic
  6883 | D:8      | Noticed Maurice
  6990 | D:8      | Noticed a two-headed ogre
  7026 | D:7      | Killed Maurice
  7027 | D:7      | Reached skill level 7 in Axes
  7342 | D:8      | Found a snail-covered altar of Cheibriados.
  7381 | D:8      | Found an opulent altar of Gozag.
  7422 | D:8      | Reached skill level 5 in Evocations
  7989 | D:10     | Entered Level 10 of the Dungeon
  7989 | D:10     | Noticed Snorg
  8048 | D:11     | Noticed a komodo dragon
  8060 | D:10     | Killed a komodo dragon
  8061 | D:10     | Reached XP level 10. HP: 72/79 MP: 12/12
  8085 | D:11     | Noticed a purple ugly thing
  8151 | D:10     | Identified the +2 pair of boots of Daisies {Will+ Regen+
                  | Dex+2}
  8157 | D:10     | Noticed a two-headed ogre
  8158 | D:10     | Noticed a two-headed ogre
  8159 | D:10     | Noticed eruonna's ghost (journeyman NaIE)
  8161 | D:10     | Noticed a two-headed ogre
  8161 | D:10     | Identified the +3 dire flail of Resourcefulness {holy,
                  | Dex+2}
  8161 | D:10     | Identified the +4 great mace "Tumieg" {heavy, rCorr Int+5}
  8161 | D:10     | Noticed a two-headed ogre
  8197 | D:10     | Found a transporter.
  8205 | D:10     | Found a transporter.
  8263 | D:10     | Paralysed by a hornet for 2 turns
  8345 | D:10     | Noticed a cyclops
  8359 | D:10     | Noticed a two-headed ogre
  8367 | D:10     | Killed a cyclops
  8379 | D:10     | Reached * piety under Qazlal
  8380 | D:10     | Killed a two-headed ogre
  8713 | D:9      | Reached skill level 8 in Axes
  8732 | D:9      | Reached skill level 5 in Shields
  8741 | D:9      | Reached skill level 5 in Invocations
  8861 | D:10     | Found a staircase to the Lair.
  9134 | D:10     | Found an iron altar of Okawaru.
  9268 | D:11     | Killed Snorg
  9268 | D:11     | Reached ** piety under Qazlal
  9269 | D:11     | Gained mutation: When hurt, damage is shared between your
                  | health and your magic reserves. [demonic ancestry]
  9269 | D:11     | Reached XP level 11. HP: 74/86 MP: 13/15
  9285 | D:11     | Noticed a two-headed ogre
  9294 | D:11     | Killed a two-headed ogre
  9317 | D:11     | Noticed Lodul
  9446 | Lair:1   | Entered Level 1 of the Lair of Beasts
  9547 | D:11     | Killed Lodul
  9548 | D:11     | Reached skill level 9 in Axes
  9574 | D:11     | Found the +5 Force Lance {heavy, knockback}
  9581 | D:11     | Noticed a boulder beetle
  9597 | D:11     | Killed a boulder beetle
  9638 | D:10     | Killed a purple ugly thing
 10196 | D:11     | Found a staircase to the Orcish Mines.
 10319 | D:13     | Noticed Josephine
 10398 | D:12     | Noticed a two-headed ogre
 10407 | D:12     | Killed a two-headed ogre
 10426 | D:12     | Noticed a two-headed ogre
 10433 | D:12     | Killed a two-headed ogre
 10624 | D:12     | Reached *** piety under Qazlal
 10666 | D:12     | Noticed a centaur warrior
 10666 | D:12     | Noticed a boulder beetle
 10669 | D:12     | Noticed a centaur warrior
 10671 | D:12     | Noticed a tengu warrior
 10671 | D:12     | Noticed a five-headed hydra
 10671 | D:12     | Noticed a storm dragon
 10672 | D:12     | Noticed a flayed ghost
 10675 | D:12     | Killed a centaur warrior
 10676 | D:12     | Reached skill level 10 in Axes
 10676 | D:12     | Gained mutation: You have a pair of large antennae on your
                  | head. (SInv) [demonic ancestry]
 10676 | D:12     | Reached XP level 12. HP: 90/94 MP: 15/17
 10691 | D:12     | Killed from afar by a storm dragon

Illustrated notes

Levels and vault maps discovered:
D:1:      enne_arrival_octagon_isle, layout_rooms, minmay_pentomino_o4
D:2:      layout_loops_ring, kennysheep_another_room
D:3:      layout_basic, mainiacjoe_overflow_surrounded_room,
          minmay_misc_feat_more_columns, uniq_ijyb, uniq_jessica, uniq_grinder
D:4:      layout_layer_cave, uniq_duvessa, uniq_blork_the_orc
D:5:      layout_basic, nicolae_overflow_crystal_walls, serial_glass,
          glass_columns_b, glass_columns_b, serial_shops, shop, kennysheep_mini,
          nicolae_square_shop, kennysheep_little_box
D:6:      layout_basic, minmay_temple_entry_poolview
D:7:      layout_loops_ring, grunt_temple_overflow_magic_moments,
          overflow_temple_1_default, mainiacjoe_overflow_tiny_flanked,
          serial_park_tiny_2, roderic_serpentine_path, uniq_pikel
D:8:      layout_gridville, mainiacjoe_overflow_chevrons,
          kennysheep_slug_shrine, kennysheep_diamond, uniq_maurice
D:9:      layout_loops_ring, uniq_gastronok
D:10:     layout_loops_cross, hellmonk_okawaru_the_only_friend_you_need,
          minmay_lair_entry_grove, gammafunk_ghost_smash, uniq_snorg
D:11:     layout_cave_pools, kennysheep_orc_monster_closet_entryway, uniq_lodul
D:12:     minmay_guarded_unrand_guard, layout_irregular_city
D:13:     layout_basic, uniq_erolcha, uniq_josephine
Temple:   nicolae_temple_x_marks_the_god
Lair:1:   layout_roguey, uniq_amaemon, uniq_sonja

Skill      XL: |  1  2  3  4  5  6  7  8  9 10 11 |
---------------+----------------------------------+-----
Axes           | 2 3 4 5 6 7 8 10 | 10.0
Armour         | 3 4 5 6 7 |  7.2
Shields        | 3 4 5 6 |  6.1
Fighting       | 4 6 7 8 |  8.9
Evocations     | 1 2 4 5 6 7 |  7.5
Dodging        | 1 2 3 |  3.5
Throwing       | 1 2 3 |  3.2
Invocations    | 3 5 7 |  7.6

Action                     |  1- 3 |  4- 6 |  7- 9 | 10-12 || total
---------------------------+-------+-------+-------+-------++-------
  Melee: War axe           |   134 |   137 |   292 |   255 ||   818
  Throw: Boomerang         |       |     3 |    27 |    18 ||    48
         Javelin           |       |       |       |     4 ||     4
         Dart              |       |       |       |     7 ||     7
 Invoke: Upheaval          |       |       |       |     1 ||     1
  Evoke: Wand              |       |     2 |     5 |     1 ||     8
         Phantom mirror    |       |       |       |     1 ||     1
    Use: Potion            |       |     4 |       |     2 ||     6
         Scroll            |       |     4 |    11 |    10 ||    25
   Stab: Distracted        |       |       |       |     2 ||     2
 Armour: Scale mail        |    81 |    59 |   120 |       ||   260
         Plate armour      |       |       |    44 |   116 ||   160
         Chain mail        |       |       |     7 |       ||     7
  Dodge: Dodged            |    71 |    56 |   141 |    57 ||   325
  Block: Buckler           |    43 |    33 |    99 |    79 ||   254
         Reflection        |       |       |       |    19 ||    19
         Kite shield       |       |       |       |   102 ||   102

Table legend: (Time is in decaauts)
 A = Elapsed time spent in this place.
 B = Non-inter-level travel time spent in this place.
 C = Inter-level travel time spent in this place.
 D = Time resting spent in this place.
 E = Time spent auto-exploring this place.
 F = Levels seen in this place.
 G = Mean time per level.
                   A        B        C        D        E       F      G
               +--------+--------+--------+--------+--------+-----+--------+
         Total |  10958 |  10613 |    345 |    277 |   7023 |  15 |  730.5 |
       Dungeon |  10927 |  10582 |    345 |    277 |   7023 |  13 |  840.5 |
        Temple |     14 |     14 |      0 |      0 |      0 |   1 |   14.0 |
          Lair |     16 |     16 |      0 |      0 |      0 |   1 |   16.0 |
               +--------+--------+--------+--------+--------+-----+--------+

Top non-repeatable levels by time:
     D:3: 1426 daAuts
    D:10: 1251 daAuts
     D:5: 1162 daAuts
     D:7: 1159 daAuts
     D:4: 948 daAuts
     D:6: 946 daAuts
     D:8: 882 daAuts
     D:2: 870 daAuts
    D:11: 836 daAuts
     D:1: 757 daAuts
    D:12: 447 daAuts
     D:9: 229 daAuts
  Lair:1: 16 daAuts
  Temple: 14 daAuts
    D:13: 7 daAuts
